 Dungeon Crawl Stone Soup version 0.29.1-15-g9cfb28693d (webtiles) character file.

Game seed: 14029751571197551596

4948 Achh the Blocker (level 10, 0/93 HPs)
             Began as a Minotaur Fighter on Mar 15, 2023.
             Was an Elder of Makhleb.
             Slain by an orc priest
             ... wielding a +0 trident
              (7 damage)
             ... on level 8 of the Dungeon.
             The game lasted 00:16:12 (7581 turns).

Achh the Blocker (Minotaur Fighter)                 Turns: 7581, Time: 00:16:13

Health: 0/93       AC: 14    Str: 25    XL:     10   Next: 28%
Magic:  9/9        EV:  7    Int:  5    God:    Makhleb [****..]
Gold:   366        SH: 11    Dex: 10    Spells: 9/9 levels left

rFire   . . .      SeeInvis .   a - +0 war axe
rCold   . . .      Faith    .   c - +0 buckler
rNeg    . . .      Spirit   .   z - +0 plate armour
rPois   .          Reflect  +   (helmet restricted)
rElec   .          Harm     +   D - scarf {harm}
rCorr   .          Rampage  .   (no gloves)
Will    .....                   (no boots)
Stlth   ..........              L - amulet of reflection
HPRegen 0.25/turn               (no ring)
MPRegen 0.11/turn               (no ring)

@: mighty
A: horns 2, retaliatory headbutt
a: Renounce Religion, Minor Destruction, Lesser Servant of Makhleb, Major
Destruction


You were on level 8 of the Dungeon.
You worshipped Makhleb.
Makhleb was greatly pleased with you.
You visited 1 branch of the dungeon, and saw 8 of its levels.

You collected 366 gold pieces.

Inventory:

Hand Weapons
 a - a +0 war axe (weapon)
 w - a +2 short sword of draining
 B - a +0 glaive
 E - a +0 spectral quarterstaff
Missiles
 k - a throwing net (quivered)
Armour
 b - a +0 scale mail
 c - a +0 buckler (worn)
 r - a +2 barding
 z - a +0 plate armour (worn)
 D - a scarf of harm (worn)
 K - a +0 helmet
Jewellery
 I - a ring of fire
 L - an amulet of reflection (around neck)
Wands
 G - a wand of quicksilver (9)
Scrolls
 f - a scroll of silence {unknown}
 g - a scroll of enchant weapon {unknown}
 h - 2 scrolls of fog
 i - 2 scrolls of enchant armour {unknown}
 m - 3 scrolls of identify {unknown}
 n - 2 scrolls of vulnerability {unknown}
 o - a scroll of immolation {unknown}
 p - 3 scrolls of blinking {unknown}
 s - a scroll of acquirement {unknown}
 v - 4 scrolls of teleportation
 y - a scroll of amnesia {unknown}
 C - a scroll of noise {unknown}
 H - a scroll of fear {unknown}
Potions
 d - a potion of might
 e - 3 potions of curing {unknown}
 j - 2 potions of ambrosia {unknown}
 l - 4 potions of attraction {unknown}
 q - 2 potions of degeneration {unknown}
 t - 2 potions of brilliance {unknown}
 u - 2 potions of haste {unknown}
 x - a potion of invisibility {unknown}
 A - a potion of flight {unknown}
 F - a potion of magic {unknown}
 J - a potion of lignification {unknown}


   Skills:
 + Level 9.8 Fighting
 + Level 9.4 Axes
 + Level 9.8 Armour
 + Level 9.9 Shields


You had 9 spell levels left.
You didn't know any spells.
Your spell library contained the following spells:

 Spells                   Type           Power      Damage    Failure   Level
 Magic Dart               Conj           0%         1d3       100%        1
 Slow                     Hex            0%         N/A       100%        1
 Blink                    Tloc           0%         N/A       100%        2
 Searing Ray              Conj           0%         2d4       100%        2
 Confusing Touch          Hex            0%         N/A       100%        3
 Lesser Beckoning         Tloc           0%         N/A       100%        3
 Vampiric Draining        Necr           0%         2d6       100%        3
 Corpse Rot               Necr/Pois/Air  0%         N/A       100%        4
 Dispel Undead            Necr           0%         3d6       100%        4
 Fulminant Prism          Conj/Hex       0%         3d6       100%        4
 Manifold Assault         Tloc           0%         N/A       100%        5
 Death Channel            Necr           0%         N/A       100%        6


Dungeon Overview and Level Annotations

Branches:
Dungeon (8/15)             Temple (0/1) D:6
   Lair: D:8-11

Altars:
Dithmenos
Elyvilon
Fedhas
Gozag
Makhleb
Okawaru
Qazlal
Trog
Uskayaw
Wu Jian
Xom
Yredelemnul
Zin

Shops:
D:7 *   D:8 *

Portals:
Abyss: D:3

Annotations:
D:3 2 transporters, H0rd4k's ghost, amateur OpAr


Innate Abilities, Weirdness & Mutations

You have a pair of horns on your head.
You reflexively headbutt those who attack you in melee.


Message History

The bullfrog hits you but does no damage.
The orc priest barely misses you. The bullfrog barely misses you.
You closely miss the bullfrog. You headbutt the bullfrog!
The bullfrog is severely wounded.
You block the orc priest's attack. The bullfrog hits you.
* * * LOW HITPOINT WARNING * * *
The orc priest hits you but does no damage.
You hit the bullfrog.
The bullfrog is almost dead.
You block the bullfrog's attack.
The bullfrog hits you but does no damage.
You block the orc priest's attack.
You slice the bullfrog!!
You kill the bullfrog!
Makhleb accepts your kill.
You can now hurl Makhleb's greater destruction.
You feel better.
The orc priest hits you but does no damage.
You slash the orc warrior!
The orc warrior is almost dead.
You block the orc priest's attack.
You hit the orc warrior but do no damage.
You barely miss the orc warrior.
The orc warrior unwields a +0 arbalest.
The orc warrior wields a +2 dire flail of distortion.
Its appearance distorts for a moment.
The orc warrior hits you with a +2 dire flail of distortion!
* * * LOW HITPOINT WARNING * * *
Space warps horribly around you!
* * * LOW HITPOINT WARNING * * *
You block the orc warrior's attack.
The orc priest hits you but does no damage.
You barely miss the orc warrior. You slash the orc warrior!
You kill the orc warrior!
Makhleb accepts your kill.
You feel better.
The orc priest looks satisfied for a moment.
You slash the orc warrior!
The orc warrior is moderately wounded.
The orc priest hits you from afar with a +0 trident.
You die...

#..#.....## #.....
#..#...<.# ##.#.#
#..###.### ##...[#
#.(....#####.....##
####.####......).....#
.....# #.#####.....##
##### #.# #o.o## #.#
##o## #.# #@).# #.#
#...# ... ........ #.#
#.....(....
#........#.#
###...###... #...# #.#
##.## .#


You could see an orc warrior and an orc priest.

Vanquished Creatures
  Pikel (D:6)
  Joseph (D:7)
  Prince Ribbit (D:7)
  Sigmund (D:6)
  5 yaks (D:8)
  3 water moccasins
  Duvessa (D:6)
  3 orc warriors (D:8)
  A black bear (D:7)
  4 ice beasts
  A sky beast (D:5)
  A centaur (D:5)
  3 lemures (D:6)
  4 phantoms
  A kobold brigand (D:7)
  A bullfrog (D:8)
  2 scorpions (D:6)
  5 necrophages
  Dowan (D:6)
  10 killer bees (D:7)
  A hound (D:5)
  2 jellies
  3 orc priests
  An iguana (D:4)
  3 orc wizards
  6 adders
  A shadow imp (D:7)
  3 white imps
  An ufetubus (D:5)
  3 worms
  5 dart slugs
  20 orcs
  4 bats
  6 endoplasms
  3 giant cockroaches (D:4)
  5 goblins
  16 hobgoblins
  11 jackals
  9 kobolds
  2 quokkas
  5 ball pythons
  A frilled lizard (D:3)
  3 rats
164 creatures vanquished.

Vanquished Creatures (others)
  10 plants
10 creatures vanquished.

Grand Total: 174 creatures vanquished

Notes
Turn   | Place    | Note
-------+----------+-------------------------------------------
     0 | D:1      | Achh the Minotaur Fighter began the quest for the Orb.
     0 | D:1      | Reached XP level 1. HP: 19/19 MP: 0/0
    19 | D:1      | Found a faded altar of an unknown god.
    24 | D:1      | Prayed at the altar of an unknown god.
    24 | D:1      | Became a worshipper of Makhleb the Destroyer
    24 | D:1      | Reached * piety under Makhleb
   244 | D:1      | Reached XP level 2. HP: 17/27 MP: 1/1
   505 | D:1      | Reached XP level 3. HP: 33/33 MP: 2/2
   598 | D:1      | Reached ** piety under Makhleb
  1531 | D:2      | Found an ornate altar of the Wu Jian Council.
  1620 | D:2      | Reached XP level 4. HP: 28/41 MP: 3/3
  2159 | D:3      | Noticed a small abomination
  2321 | D:3      | Found a bloodstained altar of Trog.
  2381 | D:3      | Noticed an ice beast
  2400 | D:3      | Killed an ice beast
  2401 | D:3      | Reached XP level 5. HP: 34/47 MP: 4/4
  2490 | D:3      | Found a transporter.
  2539 | D:3      | Found a transporter.
  2567 | D:3      | Found a one-way gate to the infinite horrors of the Abyss.
  2567 | D:3      | Noticed H0rd4k's ghost (amateur OpAr)
  2568 | D:3      | Noticed a toenail golem
  2652 | D:4      | Found a blossoming altar of Fedhas.
  2687 | D:4      | Reached skill level 5 in Fighting
  2687 | D:4      | Reached skill level 5 in Armour
  2687 | D:4      | Reached skill level 5 in Shields
  2687 | D:4      | Reached XP level 6. HP: 49/56 MP: 5/5
  2748 | D:4      | Found a burning altar of Makhleb.
  2748 | D:4      | Noticed a blizzard demon
  2752 | D:4      | Noticed an orange demon
  2752 | D:4      | Noticed a neqoxec
  3162 | D:4      | Reached *** piety under Makhleb
  3431 | D:5      | Entered Level 5 of the Dungeon
  3569 | D:5      | Found an iron altar of Okawaru.
  3625 | D:5      | Noticed a sky beast
  3632 | D:5      | Killed a sky beast
  3633 | D:5      | Reached skill level 5 in Axes
  3633 | D:5      | Reached XP level 7. HP: 49/62 MP: 6/6
  3644 | D:5      | Found a shimmering altar of Xom.
  3659 | D:5      | Found a white marble altar of Elyvilon.
  4125 | D:5      | Reached XP level 8. HP: 61/71 MP: 7/7
  4324 | D:6      | Found a hide-covered altar of Uskayaw.
  4325 | D:6      | Found a stormy altar of Qazlal.
  4336 | D:6      | Found an opulent altar of Gozag.
  4418 | D:6      | Found a staircase to the Ecumenical Temple.
  4866 | D:6      | Found a shadowy altar of Dithmenos.
  4938 | D:6      | Noticed Dowan
  4938 | D:6      | Noticed Duvessa
  4952 | D:6      | Killed Duvessa
  4957 | D:6      | Killed Dowan
  5186 | D:6      | Noticed Pikel
  5212 | D:6      | Killed Pikel
  5213 | D:6      | Reached XP level 9. HP: 69/81 MP: 8/8
  5279 | D:6      | Noticed Sigmund
  5292 | D:6      | Found a glowing silver altar of Zin.
  5310 | D:6      | Killed Sigmund
  6007 | D:7      | Reached **** piety under Makhleb
  6361 | D:7      | Noticed Joseph
  6374 | D:7      | Killed Joseph
  6722 | D:7      | Noticed Prince Ribbit
  6733 | D:7      | Killed Prince Ribbit
  6866 | D:7      | Found Higufof's General Store.
  7029 | D:8      | Reached XP level 10. HP: 91/91 MP: 9/9
  7059 | D:8      | Found a basalt altar of Yredelemnul.
  7479 | D:8      | Found Pittas's Assorted Antiques.
  7579 | D:8      | HP: 3/93 [orc warrior/+2 dire flail of distortion (19)]
  7581 | D:8      | Slain by an orc priest

Illustrated notes

Levels and vault maps discovered:
D:1:      dpeg_arrival_connections, layout_rooms,
          hellmonk_ecumenical_altar_inner_sanctum, st_stairs_14, minmay_cupped
D:2:      layout_loops_cross, basic_altar, grunt_ministairs_11
D:3:      layout_rooms, mainiacjoe_overflow_alcove_4,
          gammafunk_ghost_abyssal_escape
D:4:      layout_basic, old_standard_altar, makhleb_altar_promises_db,
          grunt_decor_clamped, eino_curves_02
D:5:      layout_rooms, kennysheep_okawaru_gauntlet, jmf_multi_god_temple
D:6:      layout_loops_corners, mainiacjoe_overflow_brackets,
          grunt_dithmenos_smoke, minmay_overflow_temple_star_quad,
          gup_sewer_entry_glass, uniq_pikel, uniq_duvessa, uniq_sigmund
D:7:      layout_cave_pools, serial_shops, nicolae_shop_waterfront,
          nicolae_ossuary_entry_monument, uniq_prince_ribbit1, uniq_joseph
D:8:      layout_loops_ring, yredelemnul_altar_generic, serial_shops,
          nicolae_shop_overgrown_old_shop

Skill      XL: |  1  2  3  4  5  6  7  8  9 |
---------------+----------------------------+-----
Fighting       | 4 5 6 8 9 |  9.8
Armour         | 4 5 6 8 9 |  9.8
Shields        | 4 5 6 8 9 |  9.9
Axes           | 3 4 5 6 7 9 |  9.4

Action                   |  1- 3 |  4- 6 |  7- 9 | 10-12 || total
-------------------------+-------+-------+-------+-------++-------
Melee: War axe           |    72 |   122 |   191 |    55 ||   440
       Headbutt          |    12 |    19 |    35 |    13 ||    79
Evoke: Wand              |       |       |     1 |       ||     1
  Use: Potion            |       |       |     1 |     1 ||     2
       Scroll            |       |       |     1 |       ||     1
Armor: Scale mail        |    40 |    50 |       |       ||    90
       Plate armour      |       |    55 |   126 |    24 ||   205
Dodge: Dodged            |    51 |    68 |    70 |    18 ||   207
Block: Buckler           |    10 |    33 |    69 |    23 ||   135
       Reflection        |       |       |       |     3 ||     3
